 Dungeon Crawl Stone Soup version 0.21.1-1-g345015f (webtiles) character file.

14 toucherabbit the Caller (level 2, 0/13 HPs)
             Began as a Vine Stalker Summoner on Mar 11, 2018.
             Succumbed to an adder's poison
             ... on level 2 of the Dungeon.
             The game lasted 00:02:55 (1153 turns).

toucherabbit the Caller (Vine Stalker Summoner)     Turns: 1153, Time: 00:02:55

Health: 0/13       AC:  2    Str: 10    XL:     2   Next: 41%
Magic:  2/6        EV: 12    Int: 15    God:
Gold:   37         SH:  0    Dex: 14    Spells: 4/5 levels left

rFire    . . .     SeeInvis .   (no weapon)
rCold    . . .     Gourm    .   (no shield)
rNeg     . . .     Faith    .   a - +0 robe
rPois    .         Spirit   +   (no helmet)
rElec    .         Reflect  .   (no cloak)
rCorr    .         Harm     .   (no gloves)
MR       .....                  (no boots)
Stlth    ++........             (no amulet)
HPRegen  0.04/turn              (no ring)
MPRegen  0.10/turn              (no ring)

@: lethally poisoned (0 -> -8)
A: fangs 2, magic shield, antimagic bite, no potion heal 3, rot immunity
a: no special abilities


You were on level 2 of the Dungeon.
You were very hungry.

You visited 1 branch of the dungeon, and saw 2 of its levels.

You collected 37 gold pieces.

Inventory:

Missiles
 l - a throwing net (quivered)
Armour
 a - a +0 robe (worn)
Scrolls
 d - a scroll of amnesia {unknown}
 e - 2 scrolls of teleportation {unknown}
 g - a scroll of enchant weapon {unknown}
 h - a scroll of remove curse {unknown}
 i - a scroll of fog {unknown}
Potions
 j - a potion of lignification {unknown}
 k - a potion of cancellation {unknown}
Books
 b - a book of Callings

   Spells                             Type                      Level
   a - Summon Small Mammal            Summoning                    1
   b - Call Imp                       Summoning                    2
   c - Call Canine Familiar           Summoning                    3
   d - Summon Guardian Golem          Hexes/Summoning              3
   e - Summon Lightning Spire         Summoning/Air                4
   f - Summon Ice Beast               Ice/Summoning                4
Comestibles
 c - 7 rations


   Skills:
 + Level 1.5 Dodging
 + Level 2.5 Stealth
 + Level 0.1 Unarmed Combat
 + Level 2.4 Spellcasting
 + Level 4.3 Summonings


You had 4 spell levels left.
You knew the following spells:

 Your Spells              Type           Power        Failure   Level  Hunger
a - Summon Small Mammal   Summ           ###.         3%          1    #......


Dungeon Overview and Level Annotations

Branches:
Dungeon (2/15)

Altars:


Innate Abilities, Weirdness & Mutations

You have extremely sharp teeth.
When hurt, damage is shared between your health and your magic reserves.
Your bite disrupts and absorbs the magic of your enemies.
Potions cannot restore your health.
You are immune to rotting.


Message History

You closely miss the adder. Your bite misses the adder.
The adder closely misses you.
You barely miss the adder. The adder bites you.
You barely miss the adder.
Your rat disappears in a puff of smoke!
The adder bites you.
You are lethally poisoned!
The adder poisons you!
Casting: Summon Small Mammal
Confirm with . or Enter, or press ? or * to list all spells.
You feel sick. The adder bites you.
* * * LOW HITPOINT WARNING * * *
You are more poisoned.
The adder poisons you! The adder barely misses you.
It was a potion of curing.
Your system rejects the healing.
You feel better.
Your bat barely misses the adder.
The adder bites you.
* * * LOW HITPOINT WARNING * * *
You are lethally poisoned!
The adder poisons you!
You die...

####'#'##'##
#.#'##'###
#........#
#........#
#........##
#.........#
#########.#
#.# #@# #.#
#S# ...
.b...
....?..
#........
#.......##
#.......#


You could see an adder and a friendly bat.

Vanquished Creatures
  A hobgoblin (D:1)
  A rat (D:1)
2 creatures vanquished.

Vanquished Creatures (collateral kills)
  A dart slug (D:1)
  A giant cockroach (D:1)
  2 goblins (D:1)
  4 bats (D:1)
  A frilled lizard (D:2)
  A kobold (D:1)
  5 rats (D:1)
15 creatures vanquished.

Grand Total: 17 creatures vanquished

Notes
Turn   | Place    | Note
-------+----------+-------------------------------------------
     0 | D:1      | toucherabbit the Vine Stalker Summoner began the quest for the Orb.
     0 | D:1      | Reached XP level 1. HP: 9/9 MP: 4/4
   240 | D:1      | Reached XP level 2. HP: 3/13 MP: 3/6
  1153 | D:2      | Succumbed to an adder's poison

Action                   || total
-------------------------++-------
Melee: Unarmed           ||    23
       Bite              ||     4
 Cast: Summon Small Mamm ||    37
  Use: Potion            ||     1
 Stab: Sleeping          ||     2
Armor: Robe              ||     7
Dodge: Dodged            ||    22
